 Dungeon Sprint DCSS version 0.23-a0-208-gb6b040f (webtiles) character file.

4693 emperorscorpion the Thaumaturge (level 10, -2/85 HPs)
             Began as a Gnoll Skald on Sept 24, 2018.
             Was the Champion of Cheibriados.
             Slain by an eight-headed hydra (10 damage)
             ... in the Dungeon (Sprint IX: "|||||||||||||||||||||||||||||") on Sept 25, 2018.
             The game lasted 00:05:55 (403 turns).

emperorscorpion the Thaumaturge (Gnoll Skald)        Turns: 403, Time: 00:05:57

Health: -2/85      AC: 10    Str: 30    XL:     10   Next: 44%
Magic:  8/24       EV: 23    Int: 31    God:    Cheibriados [******]
Gold:   0          SH:  0    Dex: 34    Spells: 20/29 levels left

rFire    . . .     SeeInvis .   n - +0 spear
rCold    . . .     Gourm    .   (no shield)
rNeg     . . .     Faith    .   p - +2 ring mail
rPois    .         Spirit   .   o - +0 helmet
rElec    .         Reflect  .   (no cloak)
rCorr    .         Harm     .   (no gloves)
MR       .....     NoTele   +   (no boots)
Stlth    +++++.....             (no amulet)
HPRegen  1.24/turn              q - +3 ring of dexterity
MPRegen  0.19/turn              (no ring)

@: very slightly contaminated, regenerating, very slow
A: distributed training, fangs 1, strong nose
a: Bend Time, Temporal Distortion, Slouch, Step From Time, Renounce Religion


You were in the Dungeon.
You worshipped Cheibriados.
Cheibriados was exalted by your worship.
You were not hungry.

You visited 1 branch

Inventory:

Hand Weapons
 a - a +2 halberd of venom
 n - a +0 spear (weapon)
Armour
 m - a +0 leather armour
 o - a +0 helmet (worn)
 p - a +2 ring mail (worn)
Magical Staves
 b - an uncursed staff of energy
 t - an uncursed staff of death
Jewellery
 q - a +3 ring of dexterity (left hand)
 r - a +2 ring of evasion
Wands
 l - a wand of iceblast (6)
Scrolls
 i - 3 scrolls of remove curse
 j - a scroll of blinking
 k - 2 scrolls of amnesia
 s - a scroll of identify
 u - 6 scrolls of enchant armour
 v - 2 scrolls of fear
Potions
 c - 2 potions of heal wounds
 e - 9 potions of curing
 f - a potion of might
 g - 2 potions of haste
 h - 4 potions of magic
Comestibles
 d - a ration
 w - 4 chunks of flesh


   Skills:
 + Level 10.0 Fighting
 + Level 8.9 Short Blades
 + Level 8.9 Long Blades
 + Level 8.9 Axes
 + Level 8.9 Maces & Flails
 + Level 10.0 Polearms
 + Level 8.9 Staves
 + Level 8.9 Slings
 + Level 8.9 Bows
 + Level 8.9 Crossbows
 + Level 8.9 Throwing
 + Level 9.2 Armour
 + Level 10.0 Dodging
 + Level 8.9 Stealth
 + Level 8.9 Shields
 + Level 8.9 Unarmed Combat
 + Level 10.1 Spellcasting
 + Level 7.4 Conjurations
 + Level 7.4 Hexes
 + Level 9.2 Charms
 + Level 7.4 Summonings
 + Level 7.4 Necromancy
 + Level 7.4 Translocations
 + Level 7.4 Transmutations
 + Level 7.4 Fire Magic
 + Level 7.4 Ice Magic
 + Level 7.4 Air Magic
 + Level 7.4 Earth Magic
 + Level 7.4 Poison Magic
 + Level 9.6 Invocations
 + Level 8.9 Evocations


You had 20 spell levels left.
You knew the following spells:

 Your Spells              Type           Power        Failure   Level  Hunger
a - Infusion              Chrm           ####         1%          1    None
b - Shroud of Golubria    Chrm/Tloc      ######....   1%          2    None
r - Regeneration          Chrm/Necr      ######....   1%          3    None
s - Spectral Weapon       Hex/Chrm       ######..     1%          3    None

Your spell library contained the following spells:

 Spells                   Type           Power        Failure   Level  Hunger
 Song of Slaying          Chrm           ######..     1%          2    None


Dungeon Overview and Level Annotations

Branches:
Dungeon (1/1)

Altars:
Cheibriados
Dithmenos
Elyvilon
Fedhas
Gozag
Hepliaklqana
Kikubaaqudgha
Makhleb
Nemelex Xobeh
Okawaru
Qazlal
Ru
Sif Muna
Trog
Uskayaw
Vehumet
Wu Jian
Xom
Yredelemnul
Zin
The Shining One
Beogh
Jiyva
Lugonu


Innate Abilities, Weirdness & Mutations

Your experience applies equally to all skills.
You have very sharp teeth.
Your uncanny sense of smell can sniff out nearby items.


Message History

The eight-headed hydra bites you but does no damage.
The eight-headed hydra bites you!
Your shroud bends the eight-headed hydra's attack away!
The eight-headed hydra bites you!
* * * LOW HITPOINT WARNING * * *
The eight-headed hydra bites you!
* * * LOW HITPOINT WARNING * * *
Your shroud falls apart!
The eight-headed hydra closely misses you.
The eight-headed hydra completely misses you.
The eight-headed hydra bites you.
* * * LOW HITPOINT WARNING * * *
Unknown command.
You puncture the eight-headed hydra!
Your bite misses the eight-headed hydra.
The eight-headed hydra is severely wounded.
Your spectral weapon completely misses the eight-headed hydra.
The eight-headed hydra barely misses you.
The eight-headed hydra misses you. The eight-headed hydra bites you!
You die...

∆∆∆∆∆∆∆∆∆∆∆∆∆ ∆∆∆∆∆∆∆∆∆
▓▓▓▓▓▓▓▓▓▓▓▓▓▓▓▓▓▓▓▓▓▓▓▓▓▓▓▓▓▓▓▓▓
...'...........(@DYH.DY..†Y'HD...
▓▓▓▓▓▓▓▓▓▓▓▓▓▓▓▓▓▓▓▓▓▓▓▓▓▓▓▓▓▓▓▓▓
.................................
▓▓▓▓▓▓▓▓▓▓▓▓▓▓▓▓▓▓▓▓▓▓▓▓▓▓▓▓▓▓▓▓▓
'(....'))...'____________________
▓▓▓▓▓▓▓▓▓▓▓▓▓▓▓▓▓▓▓▓▓▓▓▓▓▓▓▓▓▓▓▓▓


You could see a catoblepas, an eight-headed hydra, a five-headed hydra, a
hippogriff, a dream sheep and a friendly spectral spear.

Vanquished Creatures
  2 hydras (D)
  A two-headed ogre (D)
  2 gargoyles (D)
  A rime drake (D)
  A komodo dragon (D)
  A hornet (D)
  A hippogriff (D)
  A basilisk (D)
  A vampire mosquito (D)
  2 water moccasins (D)
  A porcupine (D)
  An orc warrior (D)
  An ice beast (D)
  A sky beast (D)
  A centaur (D)
  A bullfrog (D)
  3 crimson imps (D)
  2 hounds (D)
  A shadow imp (D)
  An orc (D)
  A bat (D)
  A bat skeleton (D)
  2 hobgoblins (D)
  A quokka (D)
  A frilled lizard (D)
  A rat (D)
33 creatures vanquished.

Vanquished Creatures (others)
  3 spectral weapons (D)
3 creatures vanquished.

Grand Total: 36 creatures vanquished

Notes
Turn   | Place    | Note
-------+----------+-------------------------------------------
     0 | D        | emperorscorpion the Gnoll Skald began the quest for the
                  | Orb.
     0 | D        | Reached XP level 1. HP: 20/20 MP: 6/6
    13 | D        | Reached skill level 5 in Spellcasting
    15 | D        | Reached skill level 1 in Invocations
    21 | D        | Noticed a crimson imp
    21 | D        | Noticed a centaur
    29 | D        | Reached skill level 1 in Short Blades
    29 | D        | Reached skill level 1 in Long Blades
    29 | D        | Reached skill level 1 in Axes
    29 | D        | Reached skill level 1 in Maces & Flails
    29 | D        | Reached skill level 1 in Staves
    29 | D        | Reached skill level 1 in Slings
    29 | D        | Reached skill level 1 in Bows
    29 | D        | Reached skill level 1 in Crossbows
    29 | D        | Reached skill level 1 in Throwing
    29 | D        | Reached skill level 1 in Stealth
    29 | D        | Reached skill level 1 in Shields
    29 | D        | Reached skill level 1 in Unarmed Combat
    29 | D        | Reached skill level 1 in Conjurations
    29 | D        | Reached skill level 1 in Hexes
    29 | D        | Reached skill level 1 in Summonings
    29 | D        | Reached skill level 1 in Necromancy
    29 | D        | Reached skill level 1 in Translocations
    29 | D        | Reached skill level 1 in Transmutations
    29 | D        | Reached skill level 1 in Fire Magic
    29 | D        | Reached skill level 1 in Ice Magic
    29 | D        | Reached skill level 1 in Air Magic
    29 | D        | Reached skill level 1 in Earth Magic
    29 | D        | Reached skill level 1 in Poison Magic
    29 | D        | Reached skill level 1 in Evocations
    29 | D        | Reached XP level 2. HP: 26/26 MP: 2/8
    35 | D        | Killed a crimson imp
    35 | D        | Reached skill level 5 in Fighting
    35 | D        | Reached skill level 5 in Polearms
    35 | D        | Reached skill level 5 in Dodging
    35 | D        | Reached XP level 3. HP: 33/33 MP: 2/9
    58 | D        | Killed a centaur
    58 | D        | Reached XP level 4. HP: 14/39 MP: 6/12
    58 | D        | Reached XP level 5. HP: 16/45 MP: 6/13
    63 | D        | Found a roughly hewn altar of Beogh.
    63 | D        | Found a snail-covered altar of Cheibriados.
    63 | D        | Found a shadowy altar of Dithmenos.
    63 | D        | Found a white marble altar of Elyvilon.
    63 | D        | Found a blossoming altar of Fedhas.
    63 | D        | Found an opulent altar of Gozag.
    64 | D        | Found a hazy altar of Hepliaklqana.
    65 | D        | Found a viscous altar of Jiyva.
    66 | D        | Found an ancient bone altar of Kikubaaqudgha.
    67 | D        | Became a worshipper of Cheibriados the Contemplative
    68 | D        | Found a corrupted altar of Lugonu.
    69 | D        | Found a burning altar of Makhleb.
    70 | D        | Found a sparkling altar of Nemelex Xobeh.
    71 | D        | Found an iron altar of Okawaru.
    72 | D        | Found a stormy altar of Qazlal.
    73 | D        | Found a sacrificial altar of Ru.
    74 | D        | Found a deep blue altar of Sif Muna.
    75 | D        | Found a bloodstained altar of Trog.
    76 | D        | Found a hide-covered altar of Uskayaw.
    77 | D        | Found a radiant altar of Vehumet.
    78 | D        | Found an ornate altar of the Wu Jian Council.
    79 | D        | Found a shimmering altar of Xom.
    80 | D        | Found a basalt altar of Yredelemnul.
    81 | D        | Found a glowing silver altar of Zin.
    82 | D        | Found a glowing golden altar of the Shining One.
   112 | D        | Upgraded the game from 0.23-a0-207-g93a313e to
                  | 0.23-a0-208-gb6b040f
   116 | D        | Learned a level 3 spell: Regeneration
   120 | D        | Learned a level 2 spell: Shroud of Golubria
   124 | D        | Learned a level 3 spell: Spectral Weapon
   126 | D        | Noticed a gargoyle
   126 | D        | Noticed an orc warrior
   126 | D        | Noticed a sky beast
   132 | D        | HP: 1/45 [gargoyle/stone arrow (26)]
   141 | D        | Killed a gargoyle
   141 | D        | Reached skill level 5 in Armour
   141 | D        | Reached skill level 5 in Invocations
   141 | D        | Reached XP level 6. HP: 5/53 MP: 5/16
   145 | D        | Reached skill level 5 in Short Blades
   145 | D        | Reached skill level 5 in Long Blades
   145 | D        | Reached skill level 5 in Axes
   145 | D        | Reached skill level 5 in Maces & Flails
   145 | D        | Reached skill level 5 in Staves
   145 | D        | Reached skill level 5 in Slings
   145 | D        | Reached skill level 5 in Bows
   145 | D        | Reached skill level 5 in Crossbows
   145 | D        | Reached skill level 5 in Throwing
   145 | D        | Reached skill level 5 in Stealth
   145 | D        | Reached skill level 5 in Shields
   145 | D        | Reached skill level 5 in Unarmed Combat
   145 | D        | Reached skill level 5 in Evocations
   145 | D        | Reached XP level 7. HP: 9/59 MP: 0/17
   146 | D        | Reached * piety under Cheibriados
   151 | D        | Reached ** piety under Cheibriados
   185 | D        | Noticed a two-headed ogre
   185 | D        | Noticed a gargoyle
   185 | D        | Noticed a vampire mosquito
   191 | D        | Killed a two-headed ogre
   191 | D        | Reached *** piety under Cheibriados
   191 | D        | Reached skill level 5 in Conjurations
   191 | D        | Reached skill level 5 in Hexes
   191 | D        | Reached skill level 5 in Summonings
   191 | D        | Reached skill level 5 in Necromancy
   191 | D        | Reached skill level 5 in Translocations
   191 | D        | Reached skill level 5 in Transmutations
   191 | D        | Reached skill level 5 in Fire Magic
   191 | D        | Reached skill level 5 in Ice Magic
   191 | D        | Reached skill level 5 in Air Magic
   191 | D        | Reached skill level 5 in Earth Magic
   191 | D        | Reached skill level 5 in Poison Magic
   191 | D        | Reached XP level 8. HP: 68/68 MP: 14/20
   196 | D        | Killed a gargoyle
   196 | D        | Reached **** piety under Cheibriados
   196 | D        | Reached XP level 9. HP: 55/75 MP: 15/21
   200 | D        | Reached ***** piety under Cheibriados
   314 | D        | Noticed a komodo dragon
   314 | D        | Noticed a six-headed hydra
   316 | D        | Killed a komodo dragon
   322 | D        | Noticed a rime drake
   337 | D        | Killed a six-headed hydra
   344 | D        | Reached XP level 10. HP: 23/83 MP: 10/23
   348 | D        | Reached ****** piety under Cheibriados
   368 | D        | Noticed a six-headed hydra
   368 | D        | Noticed an eight-headed hydra
   368 | D        | Noticed a five-headed hydra
   374 | D        | Killed a six-headed hydra
   374 | D        | Reached skill level 10 in Fighting
   374 | D        | Reached skill level 10 in Polearms
   374 | D        | Reached skill level 10 in Dodging
   374 | D        | Reached skill level 10 in Spellcasting
   401 | D        | Noticed a catoblepas
   403 | D        | Slain by an eight-headed hydra

Vault maps used:
D:        linesprint

Skill      XL: |  1  2  3  4  5  6  7  8  9 10 |
---------------+-------------------------------+-----
Spellcasting   | 5 6 7 8 9 10 | 10.1
Invocations    | 1 2 3 5 7 8 9 |  9.6
Short Blades   | 1 2 3 4 5 6 7 8 |  8.9
Long Blades    | 1 2 3 4 5 6 7 8 |  8.9
Axes           | 1 2 3 4 5 6 7 8 |  8.9
Maces & Flails | 1 2 3 4 5 6 7 8 |  8.9
Staves         | 1 2 3 4 5 6 7 8 |  8.9
Slings         | 1 2 3 4 5 6 7 8 |  8.9
Bows           | 1 2 3 4 5 6 7 8 |  8.9
Crossbows      | 1 2 3 4 5 6 7 8 |  8.9
Throwing       | 1 2 3 4 5 6 7 8 |  8.9
Stealth        | 1 2 3 4 5 6 7 8 |  8.9
Shields        | 1 2 3 4 5 6 7 8 |  8.9
Unarmed Combat | 1 2 3 4 5 6 7 8 |  8.9
Conjurations   | 1 2 4 5 6 7 |  7.4
Hexes          | 1 2 4 5 6 7 |  7.4
Summonings     | 1 2 4 5 6 7 |  7.4
Necromancy     | 1 2 4 5 6 7 |  7.4
Translocations | 1 2 4 5 6 7 |  7.4
Transmutations | 1 2 4 5 6 7 |  7.4
Fire Magic     | 1 2 4 5 6 7 |  7.4
Ice Magic      | 1 2 4 5 6 7 |  7.4
Air Magic      | 1 2 4 5 6 7 |  7.4
Earth Magic    | 1 2 4 5 6 7 |  7.4
Poison Magic   | 1 2 4 5 6 7 |  7.4
Evocations     | 1 2 3 4 5 6 7 8 |  8.9
Fighting       | 5 6 8 9 10 | 10.0
Polearms       | 5 6 8 9 10 | 10.0
Armour         | 3 4 5 7 8 9 |  9.2
Dodging        | 5 6 8 9 10 | 10.0
Charms         | 6 7 8 9 |  9.2

Action                   |  1- 3 |  4- 6 |  7- 9 | 10-12 || total
-------------------------+-------+-------+-------+-------++-------
Melee: Spear             |    43 |       |    15 |     6 ||    64
       Bite              |     5 |     2 |    11 |     3 ||    21
       Halberd           |       |    13 |    28 |     8 ||    49
       Punch             |       |       |     1 |       ||     1
 Cast: Infusion          |     1 |       |       |       ||     1
       Spectral Weapon   |       |     3 |     4 |     2 ||     9
       Regeneration      |       |     2 |     3 |     2 ||     7
       Shroud of Golubri |       |     1 |     3 |     1 ||     5
Evoke: Staff of energy   |       |       |     9 |       ||     9
       Wand              |       |       |       |     4 ||     4
  Use: Potion            |     2 |     3 |       |       ||     5
       Scroll            |       |       |       |     1 ||     1
 Stab: Sleeping          |       |     1 |     2 |       ||     3
       Invisible         |       |     1 |     3 |       ||     4
Armor: Leather armour    |     4 |     1 |     6 |     1 ||    12
       Ring mail         |       |       |       |     4 ||     4
Dodge: Dodged            |    27 |    14 |    48 |    17 ||   106

Table legend:
 A = Non-vault XP
 B = Vault XP
 C = Vault XP percentage of total XP
 D = Non-vault monster count
 E = Vault monster count
 F = Vault count percentage of total count
                 A         B        C        D         E       F
            +---------+---------+-------+---------+---------+-------
      Total |       0 |    6705 | 100.0 |       0 |      33 | 100.0
            +---------+---------+-------+---------+---------+-------
          D |       0 |    6705 | 100.0 |       0 |      33 | 100.0
            +---------+---------+-------+---------+---------+-------
